 Dungeon Crawl Stone Soup version 0.28-a0-258-g8de209e91f (webtiles) character file.

Game seed: 10841178981564567284

3061 SkeletonJelly the Carver (level 9, -3/70 HPs)
             Began as a Red Draconian Chaos Knight on Aug 26, 2021.
             Was a Plaything of Xom.
             Slain by a fire dragon (14 damage)
             ... on level 8 of the Dungeon.
             The game lasted 00:15:29 (7067 turns).

SkeletonJelly the Carver (DrCK)                     Turns: 7067, Time: 00:15:30

Health: -3/70      AC:  8    Str: 20    XL:     9   Next: 57%
Magic:  0/9        EV: 16    Int: 15    God:    Xom [...*..]
Gold:   342        SH:  0    Dex: 18    Spells: 8/8 levels left

rFire   + + .      SeeInvis .   a - +1 falchion (chaos)
rCold   + . .      Faith    .   (no shield)
rNeg    . . .      Spirit   +   (armour unavailable)
rPois   +          Reflect  .   (helmet restricted)
rElec   +          Harm     .   (no cloak)
rCorr   +          Rampage  .   (no gloves)
Will    +....                   (no boots)
Stlth   ++........              m - amulet of guardian spirit
HPRegen 0.21/turn               l - +4 ring of evasion
MPRegen 0.11/turn               q - +6 ring of dexterity

@: resistant, unable to read
A: breathe fire, AC +7, unfitting armour, fire resistance 1, cold-blooded,
stinger 2, agile 1, clever 1, strong-willed 1, mutation resistance 1, sense
surroundings 1, shaggy fur 1, strong 1, inability to read while threatened
a: Breathe Fire, Renounce Religion


You were on level 8 of the Dungeon.
You worshipped Xom.
You were a favourite toy of Xom.
You visited 1 branch of the dungeon, and saw 7 of its levels.

You collected 342 gold pieces.

Inventory:

Hand Weapons
 a - a +1 falchion of chaos (weapon)
 k - a +1 short sword of electrocution
Missiles
 h - 18 poisoned darts
Jewellery
 d - an amulet of reflection
 j - a ring of fire
 l - a +4 ring of evasion (left hand)
 m - an amulet of guardian spirit (around neck)
 q - a +6 ring of dexterity (right hand)
 r - a +6 ring of intelligence
Wands
 f - a wand of polymorph (1)
Scrolls
 c - 2 scrolls of identify
 g - 4 scrolls of teleportation
 i - a scroll of torment
 n - a scroll of blinking
 p - a scroll of immolation {unknown}
Potions
 b - 2 potions of brilliance
 e - a potion of curing
 s - 4 potions of heal wounds {unknown}


   Skills:
 - Level 3.3 Fighting
 + Level 13.2 Long Blades
 - Level 2.1 Dodging


You had 8 spell levels left.
You didn't know any spells.
Your spell library contained the following spells:

 Spells                   Type           Power      Damage    Failure   Level
 Static Discharge         Conj/Air       0%         N/A       38%         2
 Conjure Flame            Conj/Fire      0%         6-21      63%         3
 Ignite Poison            Fire/Tmut/Pois 0%         N/A       63%         3
 Tukima's Dance           Hex            0%         N/A       63%         3
 Passage of Golubria      Tloc           N/A        N/A       95%         4
 Sticky Flame             Conj/Fire      0%         2d3       95%         4
 Lightning Bolt           Conj/Air       0%         1d11      100%        5
 Yara's Violent Unravell  Hex/Tmut       0%         3d3       100%        5
 Maxwell's Capacitive Co  Air            0%         ∞         100%        8


Dungeon Overview and Level Annotations

Branches:
Dungeon (8/15)               Lair (0/6) D:8
 Temple: D:4-7

Altars:
Fedhas
Gozag
Xom
Yredelemnul
The Shining One

Annotations:
D:3 3 runed translucent doors, Manisian's ghost, amateur MiGl; jial666's ghost, amateur TrBe; zdrol's ghost, amateur MiFi
Abyss:1 Pikel


Innate Abilities, Weirdness & Mutations

You can breathe blasts of fire.
Your fiery red scales are hard. (AC +7)
You cannot fit into any form of body armour.
Your flesh is heat resistant. (rF+)
You are cold-blooded and may be slowed by cold attacks.
Your tail ends in a sharp poisonous barb.
You are agile. (Dex +2)
Your mind is acute. (Int +2)
You are strong-willed. (Will+)
You are somewhat resistant to further mutation.
You passively map a small area around you.
You are covered in fur. (AC +1)
Your muscles are strong. (Str +2)
You sometimes lose the ability to read scrolls when taking damage.


Message History

Key pressed, stopping explore.
HP restored.
Things that are here:
a yak corpse; a yak corpse; Health restored: 70
Things that are here:
a yak corpse; a yak corpse You swap places.
Key pressed, stopping explore.
Found an Everburning Encyclopedia.
You pick up an Everburning Encyclopedia and begin reading...
You add the spells Conjure Flame, Ignite Poison and Sticky Flame to your library.
You see here a +0 mace.
Things that are here:
a +0 plate armour; a +0 hand axe; an orc skeleton The fire dragon breathes flames at you.
The blast of flame hits you!! You resist.
A fire dragon is nearby!
You take 24 damage, and have 46/70 hp.
MASSIVE DAMAGE!!
You now have 6/9 mp.
You swap places.
Your white imp hits the fire dragon but does no damage.
The fire dragon barely misses your white imp.
The fire dragon claws your white imp.
The fire dragon tramples your white imp but does no damage.
Your white imp hits the fire dragon but does no damage.
The fire dragon breathes flames at you.
The blast of flame hits your white imp!!!
Your white imp is burned terribly!
Your white imp dies!
There is a stone staircase leading up here.
There is a stone staircase leading up here.
You climb upwards.
There is a stone staircase leading down here.
Search for what [Enter for "."]? .
Unknown command.
Unknown command.
Magic restored. "Go forth and redecorate, my child!"
You regained 17 hp, and now have 66/70 hp.
MP restored: 9
There is a stone staircase leading down here.
You climb downwards.
There is a stone staircase leading up here.
HP restored.
You see here a +0 ring mail.
s - 4 glowing ruby potions (gained 1) Key pressed, stopping explore.
Key pressed, stopping explore.
Xom's power touches on your mind for a moment.
The fire dragon looks rather confused.
You are now a plaything of Xom.
Health restored: 70 A fire dragon is nearby!
A fire dragon is nearby!
Aiming: Polymorph
Press: ? - help, Shift-Dir - straight line, f - fire dragon
Aim: a fire dragon (wandering, confused, hasn't noticed you, will become a spark wasp, a shining eye, or a great orb of eyes, chance to affect: 15%)
The fire dragon roars deafeningly!
The fire dragon resists with almost no effort.
Okay, then.
The fire dragon seems less confused.
The fire dragon barely misses you. The fire dragon claws you.
The fire dragon tramples you.
You stumble backwards!
You take 8 damage, and have 62/70 hp.
You now have 8/9 mp.
You hit the fire dragon but do no damage.
You tail-slap the fire dragon, but do no damage.
There is a stone staircase leading up here.
The fire dragon breathes flames at you. The blast of flame hits you!!
You resist.
You climb upwards.
There is a stone staircase leading down here.
You take 15 damage, and have 48/70 hp.
MASSIVE DAMAGE!!
You now have 5/9 mp.
You are now a special plaything of Xom.
The fire dragon breathes flames at you. The blast of flame hits you.
You resist.
You take 2 damage, and have 47/70 hp.
You now have 5/9 mp.
Xom makes a sudden noise!
You hear a screech!
You are now a favourite toy of Xom.
There is a stone staircase leading down here.
You climb downwards.
Xom's power flows through you!
The fire dragon flies into a frenzy!
There is a stone staircase leading up here.
The fire dragon bites you but does no damage.
The fire dragon barely misses you.
The fire dragon tramples you but does no damage.
The fire dragon bites you!
You feel threatened and lose the ability to read scrolls!
The fire dragon claws you! The fire dragon tramples you.
You stumble backwards!
You take 28 damage, and have 22/70 hp.
MASSIVE DAMAGE!!
You now have 3/9 mp.
A centaur zombie comes into view.
The fire dragon bites you but does no damage.
The fire dragon claws you!
* * * LOW HITPOINT WARNING * * *
The fire dragon tramples you.
* * * LOW HITPOINT WARNING * * *
You stumble backwards!
You take 12 damage, and have 11/70 hp.
You now have 2/9 mp.
You feel protected.
The fire dragon bites you but does no damage.
The fire dragon claws you!
You die...

# .....*#########....##.# #
*#.#.# #...###.# ##### #.#.#
#....##.# ....# #.#.#
##....##.# ###.# #.#.#
#....##..# # #.# #.#.#
##.#####..#
###.###.#.#########Z.#.# #..#
.##........##.......##.###..#
..#####.........@.......))).#
##.##########.##D##.##..#####
.........^......○...###.#
##.######.######○#..# #.#
#.## #.# #.#..# #.# .### #.#
##§#..# #.# ...#
#.#####..○<.# #.#
##.######.##.....#.## #.#
#.#...........[[#.# #.#


You could see a centaur zombie (wandering) and a neutral fire dragon (fast,
strong, insane).

Vanquished Creatures
  A rime drake (shapeshifter) (D:7)
  Grinder (D:3)
  3 yaks (D:8)
  An orc warrior (D:8)
  An ogre (D:7)
  A black bear (D:6)
  A hornet zombie (D:7)
  A necrophage (D:8)
  A centaur (D:6)
  A phantom (D:6)
  A kobold brigand (D:6)
  A bullfrog (D:8)
  A scorpion (D:6)
  A water moccasin skeleton (D:6)
  A howler monkey (D:6)
  A centaur zombie (D:7)
  An orc priest (D:8)
  A hound (D:7)
  3 orc wizards (D:8)
  2 scorpion zombies (D:3)
  A killer bee zombie (D:6)
  A hound zombie (D:3)
  5 gnolls
  2 howler monkey skeletons
  5 adders
  3 worms
  A dart slug (D:3)
  11 orcs
  7 ball pythons
  6 endoplasms
  5 giant cockroaches
  8 goblins
  10 hobgoblins
  5 jackals
  A quokka (D:4)
  7 bats
  3 frilled lizards
  7 kobolds
  2 rats (D:1)
115 creatures vanquished.

Vanquished Creatures (collateral kills)
  3 yaks (D:8)
  An ogre (D:6)
  A gnoll shaman (D:6)
  2 iguanas
  2 gnolls (D:6)
9 creatures vanquished.

Vanquished Creatures (others)
  A dancing weapon (D:7)
1 creature vanquished.

Grand Total: 125 creatures vanquished

Notes
Turn   | Place    | Note
-------+----------+-------------------------------------------
     0 | D:1      | SkeletonJelly the Draconian Chaos Knight began the quest
                  | for the Orb.
     0 | D:1      | Reached XP level 1. HP: 19/19 MP: 1/1
   384 | D:1      | Found a faded altar of an unknown god.
   408 | D:1      | Reached XP level 2. HP: 25/26 MP: 2/2
   557 | D:1      | XOM: silly message
   719 | D:1      | Reached skill level 4 in Long Blades
   970 | D:2      | Reached XP level 3. HP: 31/31 MP: 3/3
  1069 | D:2      | XOM: 7-stop teleportation journey
  1497 | D:2      | XOM: silly message
  1958 | D:2      | XOM: give mutations
  1958 | D:2      | Gained mutation: Your tail ends in a poisonous barb. [Xom's
                  | grace]
  1958 | D:2      | Gained mutation: You passively map a small area around you.
                  | [Xom's grace]
  1958 | D:2      | Gained mutation: You have a pair of small horns on your
                  | head. [Xom's grace]
  2022 | D:2      | XOM: give mutations
  2022 | D:2      | Gained mutation: You passively map the area around you.
                  | [Xom's grace]
  2022 | D:2      | Gained mutation: You are somewhat resistant to further
                  | mutation. [Xom's grace]
  2022 | D:2      | Gained mutation: You are agile. (Dex +2) [Xom's grace]
  2022 | D:2      | Gained mutation: Your mind is acute. (Int +2) [Xom's grace]
  2117 | D:3      | Found a runed translucent gate.
  2117 | D:3      | Found a runed translucent gate.
  2117 | D:3      | Found a runed translucent gate.
  2148 | D:3      | XOM: fake destruction
  2172 | D:3      | Reached XP level 4. HP: 7/38 MP: 4/4
  2252 | D:2      | XOM: scenery: create altars
  2462 | D:3      | Reached skill level 5 in Long Blades
  2540 | D:3      | XOM: cloud trail
  2603 | D:3      | Found a shimmering altar of Xom.
  2664 | D:3      | XOM: noise
  2774 | D:3      | XOM: give mutations
  2774 | D:3      | Lost mutation: You have a pair of small horns on your head.
                  | [Xom's mischief]
  2774 | D:3      | Gained mutation: You are covered in fur. (AC +1) [Xom's
                  | mischief]
  2774 | D:3      | Lost mutation: You passively map the area around you.
                  | [Xom's mischief]
  2785 | D:3      | Reached XP level 5. HP: 26/45 MP: 5/5
  2818 | D:3      | XOM: give mutations
  2818 | D:3      | Gained mutation: You sometimes lose the ability to read
                  | scrolls when taking damage. [Xom's mischief]
  2818 | D:3      | Gained mutation: You are strong-willed. (Will+) [Xom's
                  | mischief]
  2818 | D:3      | Gained mutation: Your muscles are strong. (Str +2) [Xom's
                  | mischief]
  2945 | D:3      | XOM: noise
  2946 | D:3      | Found a basalt altar of Yredelemnul.
  2960 | D:3      | Reached skill level 6 in Long Blades
  3046 | D:3      | Found a glowing golden altar of the Shining One.
  3069 | D:3      | XOM: cloud trail
  3072 | D:3      | Noticed jial666's ghost (amateur TrBe)
  3072 | D:3      | Noticed Manisian's ghost (amateur MiGl)
  3073 | D:3      | Noticed zdrol's ghost (amateur MiFi)
  3292 | D:3      | XOM: summons 3 hostile demons
  3301 | D:3      | XOM: 6-stop teleportation journey
  3427 | D:3      | XOM: scenery: summon butterflies
  3506 | D:3      | XOM: smoke on damage
  3660 | D:3      | Noticed Grinder
  3669 | D:3      | Killed Grinder
  3670 | D:3      | Reached skill level 7 in Long Blades
  3670 | D:3      | Reached XP level 6. HP: 43/51 MP: 4/6
  3889 | D:3      | XOM: noise
  4051 | D:4      | XOM: cloud trail
  4070 | D:4      | Noticed Pikel
  4090 | D:4      | XOM: summons 5 friendly demons
  4113 | D:4      | Banished Pikel
  4114 | D:4      | Reached skill level 9 in Long Blades
  4114 | D:4      | Your scales start taking on a fiery red colour.
  4114 | D:4      | Reached XP level 7. HP: 52/57 MP: 7/7
  4114 | D:4      | Gained mutation: Your flesh is heat resistant. (rF+) [Red
                  | Draconian growth]
  4155 | D:4      | You fall into a shaft and drop 2 floors!
  4307 | D:6      | Reached XP level 8. HP: 62/63 MP: 8/8
  4345 | D:6      | Reached skill level 10 in Long Blades
  4346 | D:6      | XOM: summons friendly smoke demon
  4379 | D:6      | XOM: give mutation
  4379 | D:6      | Gained mutation: Your tail ends in a sharp poisonous barb.
                  | [Xom's grace]
  4473 | D:6      | XOM: cloud trail
  5191 | D:6      | XOM: divination: magic mapping
  5245 | D:7      | Found a blossoming altar of Fedhas.
  5254 | D:7      | Reached skill level 11 in Long Blades
  5412 | D:7      | Noticed a shapeshifter
  5412 | D:7      | an orc warrior changed into a shapeshifter
  5412 | D:7      | Noticed a lindwurm
  5412 | D:7      | a shapeshifter changed into a lindwurm
  5418 | D:7      | a lindwurm changed into a tarantella
  5420 | D:7      | XOM: enchant monster (good)
  5421 | D:7      | Noticed a shapeshifter
  5421 | D:7      | a tarantella changed into a shapeshifter
  5422 | D:7      | Noticed a blink frog
  5422 | D:7      | a shapeshifter changed into a blink frog
  5427 | D:7      | Noticed a harpy
  5427 | D:7      | a blink frog changed into a harpy
  5430 | D:7      | XOM: potion effect (brilliance)
  5439 | D:7      | Noticed a cyclops
  5439 | D:7      | a harpy changed into a cyclops
  5442 | D:7      | Noticed a shapeshifter
  5442 | D:7      | a cyclops changed into a shapeshifter
  5443 | D:7      | Noticed a rime drake
  5443 | D:7      | a shapeshifter changed into a rime drake
  5448 | D:7      | Killed a rime drake
  5485 | D:7      | XOM: scenery: create altars
  5640 | D:7      | Found an opulent altar of Gozag.
  5705 | D:7      | Reached XP level 9. HP: 70/70 MP: 9/9
  5989 | D:8      | Found a staircase to the Lair.
  5989 | D:8      | Noticed a fire dragon
  6261 | D:8      | Reached skill level 12 in Long Blades
  6466 | D:8      | XOM: enchant monster (good)
  6475 | D:8      | XOM: enchant monster (good)
  6678 | D:8      | XOM: potion effect (brilliance)
  6679 | D:8      | XOM: enchant monster (good)
  6687 | D:8      | XOM: noise
  6695 | D:8      | XOM: summons friendly white imp
  6702 | D:8      | Reached skill level 13 in Long Blades
  6753 | D:8      | XOM: silly message
  6976 | D:7      | XOM: cloud trail
  7035 | D:8      | XOM: confuse monster(s)
  7059 | D:7      | XOM: noise
  7061 | D:8      | XOM: cast spell 'Discord'
  7067 | D:8      | Slain by a fire dragon

Illustrated notes

Levels and vault maps discovered:
D:1:      tarquinn_simple_flora_water_a, layout_loops_ring,
          chequers_ecumenical_altar_island
D:2:      layout_basic, hangedman_decor_points, grunt_decor_mini_mirrors
D:3:      layout_loops_corners, lemuel_doored_altar,
          nicolae_overflow_crystal_walls, nicolae_yredelemnul_corpse_copse,
          gammafunk_ghost_cemetery, kennysheep_boxes, uniq_grinder, uniq_terence
D:4:      layout_rooms, minmay_temple_entry_statues_pillars, minivault_11,
          uniq_pikel
D:6:      layout_loops_ring
D:7:      layout_rooms, fedhas_altar_2, lemuel_round_altar
D:8:      layout_loops_ring, minmay_lair_entry_lava, ebering_ghost_gozag,
          kennysheep_nub

Skill      XL: |  1  2  3  4  5  6  7  8  9 |
---------------+----------------------------+-----
Long Blades    | 4 5 7 9 11 13 | 13.2
Fighting       | |  3.3
Dodging        | |  2.1

Action                   |  1- 3 |  4- 6 |  7- 9 || total
-------------------------+-------+-------+-------++-------
Melee: Falchion          |   102 |   125 |   194 ||   421
       Tailslap          |    13 |    15 |    41 ||    69
       Headbutt          |     3 |     5 |       ||     8
 Abil: Breathe Fire      |       |       |     4 ||     4
Evoke: Wand              |       |       |     8 ||     8
  Use: Potion            |       |       |     4 ||     4
       Scroll            |       |       |     5 ||     5
 Stab: Distracted        |     1 |       |       ||     1
       Confused          |       |     2 |       ||     2
       Petrified         |       |     5 |     1 ||     6
       Paralysed         |       |       |    10 ||    10
       Petrifying        |       |       |     2 ||     2
Armor: Skin              |    23 |    26 |    43 ||    92
Dodge: Dodged            |    68 |    67 |   112 ||   247
Block: Other             |    26 |     8 |       ||    34
       Rpst.: Falchion   |    21 |    15 |    22 ||    58

Table legend: (Time is in decaauts)
 A = Elapsed time spent in this place.
 B = Non-inter-level travel time spent in this place.
 C = Inter-level travel time spent in this place.
 D = Time resting spent in this place.
 E = Time spent auto-exploring this place.
 F = Levels seen in this place.
 G = Mean time per level.
                   A        B        C        D        E       F      G
               +--------+--------+--------+--------+--------+-----+--------+
         Total |   7074 |   6874 |    200 |     30 |   5748 |   7 | 1010.6 |
       Dungeon |   7074 |   6874 |    200 |     30 |   5748 |   7 | 1010.6 |
               +--------+--------+--------+--------+--------+-----+--------+

Top non-repeatable levels by time:
     D:3: 1509 daAuts
     D:2: 1455 daAuts
     D:6: 1075 daAuts
     D:7: 1008 daAuts
     D:1: 981 daAuts
     D:8: 792 daAuts
     D:4: 251 daAuts
